 Dungeon Crawl Stone Soup version 0.25.1-2-g60ff931df9 (webtiles) character file.

Game seed: 2136282241471104801

102894 selver the Impaler (level 16, -27/130 HPs)
             Began as a Merfolk Gladiator on Oct 16, 2020.
             Was the Champion of Okawaru.
             Killed from afar by a shock serpent (36 damage)
             ... with a bolt of electricity
             ... on level 1 of the Snake Pit.
             The game lasted 02:15:05 (29848 turns).

selver the Impaler (Merfolk Gladiator)             Turns: 29848, Time: 02:15:06

Health: -27/130    AC: 31    Str: 24    XL:     16   Next: 34%
Magic:  24/24      EV: 16    Int:  9    God:    Okawaru [******]
Gold:   508        SH:  0    Dex: 21    Spells: 15/15 levels left

rFire    . . .     SeeInvis .   R - +4 glaive (vorpal)
rCold    + + .     Gourm    .   (shield currently unavailable)
rNeg     . . .     Faith    .   c - +0 crystal plate armour of Okawaru's Benevolence {Harm rPois Str+3}
rPois    +         Spirit   .   Z - +0 hat of Wu Jian's Approval {rC+}
rElec    .         Reflect  .   C - +1 cloak {rC+}
rCorr    .         Harm     +   Q - +2 pair of gloves {Str+3}
MR       ++...                  h - +2 pair of boots
Stlth    ..........             B - amulet of the acrobat
HPRegen  0.31/turn              J - ring "Revaphio" {MR+ EV+4 Dex+4}
MPRegen  0.19/turn              e - ring of poison resistance

@: no status effects
A: change form in water, swift swim, stealthy swim
a: Heroism, Finesse, Renounce Religion


You were on level 1 of the Snake Pit.
You worshipped Okawaru.
Okawaru was exalted by your worship.
You were not hungry.

You visited 5 branches of the dungeon, and saw 26 of its levels.
You also visited: Ice Cave.

You collected 2625 gold pieces.
You spent 2117 gold pieces at shops.

Inventory:

Hand Weapons
 d - a +1 bardiche of flaming
 A - the +3 halberd of selver's Courage {vamp, Str+2}
   (Okawaru gifted it to you on level 2 of the Orcish Mines)

   It inflicts no extra harm, but heals its wielder when it wounds a living foe.
   It affects your strength (+2).
 L - the +3 spear of Mezuept {flame, +Rage}
   (Okawaru gifted it to you on level 1 of the Snake Pit)

   It has been specially enchanted to burn those struck by it, causing extra
   injury to most foes and up to half again as much damage against particularly
   susceptible opponents.
   It lets you go berserk.
 M - a +0 glaive of freezing
 R - a +4 vorpal glaive (weapon)
 W - a +4 demon trident of venom
Armour
 c - the +0 crystal plate armour of Okawaru's Benevolence (worn) {Harm rPois Str+3}
   (Okawaru gifted it to you in an ice cave)

   It affects your strength (+3).
   It protects you from poison.
   It increases damage dealt and taken.
 h - a +2 pair of boots (worn)
 o - a +0 tower shield
 r - a +3 buckler
 C - a +1 cloak of cold resistance (worn)
 Q - a +2 pair of gloves of strength (worn)
 S - a +0 kite shield
 V - a +0 buckler of cold resistance
 Z - the +0 hat of Wu Jian's Approval (worn) {rC+}
   (You found it in an ice cave)

   It protects you from cold.
Jewellery
 e - a ring of poison resistance (right hand)
 n - an uncursed amulet of reflection
 q - a +4 ring of slaying
 t - an uncursed ring of protection from magic
 v - an uncursed ring of positive energy
 z - an uncursed ring of see invisible
 B - an amulet of the acrobat (around neck)
 H - a +4 ring of protection
 J - the ring "Revaphio" (left hand) {MR+ EV+4 Dex+4}
   (You bought it in a shop on level 1 of the Snake Pit)

   [ring of evasion]

   It affects your evasion (+4).
   It affects your dexterity (+4).
   It affects your resistance to hostile enchantments.
 K - an uncursed ring of protection from cold
 U - a +4 ring of evasion
Wands
 i - a wand of flame (13)
 l - a wand of enslavement (7)
 x - a wand of iceblast (13)
 N - a wand of clouds (8)
 P - a wand of disintegration (28)
 X - a wand of digging (7)
Scrolls
 b - 2 scrolls of fear
 j - 3 scrolls of magic mapping
 m - 4 scrolls of enchant weapon
 s - 3 scrolls of fog
 u - 8 scrolls of identify
 y - 15 scrolls of teleportation
 D - 14 scrolls of remove curse
 G - 6 scrolls of enchant armour
 T - a scroll of holy word
 Y - a scroll of amnesia
Potions
 a - a potion of ambrosia
 g - 6 potions of stabbing
 k - 2 potions of flight
 p - 3 potions of curing
 w - a potion of resistance
 E - 9 potions of mutation
 F - a potion of berserk rage
 I - 3 potions of lignification
Comestibles
 f - 25 rations


   Skills:
 - Level 13.1 Fighting
 - Level 20.0 Polearms
 - Level 2.0 Throwing
 + Level 11.7 Armour
 - Level 12.4 Dodging
 + Level 8.2 Shields
 - Level 10.7 Invocations


You had 15 spell levels left.
You didn't know any spells.
Your spell library contained the following spells:

 Spells                   Type           Power        Failure   Level  Hunger
 Animate Skeleton         Necr           N/A          100%        1    ##.....
 Apportation              Tloc           #.....       100%        1    ##.....
 Corona                   Hex            #......      100%        1    ##.....
 Foxfire                  Conj/Fire      #...         100%        1    ##.....
 Pain                     Necr           #...         100%        1    ##.....
 Summon Butterflies       Summ           #.......     100%        1    ##.....
 Summon Small Mammal      Summ           #...         100%        1    ##.....
 Slow                     Hex            #.......     100%        2    ###....
 Conjure Flame            Conj/Fire      #.......     100%        3    ####...
 Inner Flame              Hex/Fire       #.......     100%        3    ####...
 Lesser Beckoning         Tloc           #.........   100%        3    ####...
 Portal Projectile        Hex/Tloc       #.....       100%        3    ####...
 Tukima's Dance           Hex            #.......     100%        3    ####...
 Vampiric Draining        Necr           #.........   100%        3    ####...
 Animate Dead             Necr           N/A          100%        4    #####..
 Cause Fear               Hex            #.........   100%        4    #####..
 Leda's Liquefaction      Hex/Erth       #.........   100%        4    #####..
 Sticky Flame             Conj/Fire      #.......     100%        4    #####..
 Agony                    Necr           #.......     100%        5    ######.
 Alistair's Intoxication  Tmut/Pois      #.......     100%        5    ######.
 Fireball                 Conj/Fire      #.........   100%        5    ######.
 Invisibility             Hex            #.......     100%        6    #######


Dungeon Overview and Level Annotations

Branches:
Dungeon (15/15)            Temple (0/1) D:6            Lair (6/6) D:11
 Shoals (1/4) Lair:3        Snake (2/4) Lair:3        Slime (0/5) Lair:6
    Orc (2/2) D:12            Elf (0/3) Orc:2        Vaults (0/5) D:14
 Depths (0/5) D:15          IceCv (visited)

Altars:
Ashenzari
Elyvilon
Fedhas
Gozag
Kikubaaqudgha
Okawaru
Ru
Sif Muna
Vehumet
Wu Jian
Xom
Beogh

Shops:
D:11 :   D:13 *   D:14 ?   Orc:2 =(}:   Shoals:1 [   Snake:1 =

Annotations:
D:5 Menkaure
Lair:6 exclusion: 2 oklob plants


Message History

The shock serpent misses you.
You hit the shock serpent.
The shock serpent is moderately wounded.
The shock serpent's electric aura discharges, shocking you!
The shock serpent closely misses you.
You slice the shock serpent!!
The shock serpent is almost dead.
The shock serpent's electric aura discharges violently, shocking you!
The shock serpent shoots out a bolt of lightning at you!
The bolt of electricity hits you!!
* * * LOW HITPOINT WARNING * * *
The bolt of electricity hits you!!
* * * LOW HITPOINT WARNING * * *
The bolt of electricity hits the shock serpent.
The shock serpent completely resists.
Okay, then.
You feel better. The shock serpent barely misses you.
The shock serpent shoots out a bolt of lightning at you!
The bolt of electricity hits you!!
You die...

#....# #......##### #....
##...# #..........# #....
#...# ##........(## #....
#...###...........## #....
##..#..)......##...####....
#.........[..###...##.....
#............# ###....(...
##.......†S.## ###......
###.....@÷.# #######
###......# ###....#
#....###### ##........#####
###..........#####
####............
####......... ####......


You could see a shock serpent.

Vanquished Creatures
  Kirke (Snake:1)
  A frost giant (IceCv)
  A caustic shrike zombie (D:15)
  A dire elephant (Lair:6)
  A merfolk impaler (Shoals:1)
  Josephine (Snake:1)
  2 naga warriors (Snake:1)
  A catoblepas (Lair:6)
  2 anacondas (Snake:1)
  5 hydras
  Harold (Lair:1)
  Erica (D:8)
  5 centaur warriors
  2 dancing weapons (D:14)
  5 two-headed ogres
  A deep troll shaman (Lair:6)
  8 death yaks
  A naga sharpshooter (Snake:1)
  4 shock serpents
  4 orc high priests (Orc:2)
  Sonja (D:12)
  A slime creature (D:12)
  2 skeletal warriors
  3 unseen horrors
  3 naga ritualists (Snake:1)
  5 orc knights
  A wolf spider zombie (D:14)
  A golden dragon skeleton (D:15)
  A necromancer (D:15)
  4 mana vipers (Snake:1)
  A phantasmal warrior (D:14)
  3 harpies (Shoals:1)
  5 orc sorcerers (Orc:2)
  2 deep elf magi
  A salamander (Snake:1)
  6 fauns (Shoals:1)
  2 cyclopes
  4 manticores
  2 oklob plants
  An ugly thing (D:12)
  2 merfolk sirens (Shoals:1)
  10 elephants
  An ice statue (IceCv)
  3 naga magi (Snake:1)
  15 black mambas
  Maggie (D:6)
  6 spiny frogs
  A torpor snail (Lair:6)
  3 centaur skeletons
  A water nymph (Shoals:1)
  A yaktaur zombie (D:15)
  3 rime drakes
  A kobold demonologist (D:14)
  4 komodo dragons
  6 merfolk
  16 polar bears
  3 trolls
  A wind drake (Shoals:1)
  2 meliai (shapeshifter)
  7 blink frogs
  A fire dragon zombie (D:15)
  4 dream sheep (Shoals:1)
  9 hippogriffs
  A meliai zombie (D:13)
  A shadow (D:14)
  23 yaks
  4 hogs (D:7)
  4 fire bats (D:11)
  5 wraiths
  A human (D:7)
  6 vampire mosquitoes
  5 wargs
  3 hungry ghosts
  4 nagas
  An acid dragon (D:12)
  11 water moccasins
  A hell hound (D:11)
  A soldier ant (D:14)
  2 porcupines
  18 orc warriors
  6 ice beasts
  An eye of draining (D:12)
  A hornet zombie (D:8)
  A necrophage (D:9)
  A black bear (D:6)
  10 ogres
  4 phantoms
  7 sky beasts
  23 wolves
  18 centaurs
  13 crocodiles
  Blork the orc (D:6)
  2 big kobolds
  15 bullfrogs
  2 gnoll sergeants
  10 scorpions
  16 killer bees
  15 wights
  2 electric eels
  A howler monkey (D:4)
  8 crimson imps
  2 lava snakes (D:11)
  A wyvern simulacrum (D:14)
  3 bullfrog zombies
  2 bullfrog skeletons
  11 hounds
  5 jellies
  17 orc priests
  20 orc wizards
  Jessica (D:3)
  4 iguanas
  Natasha (thrice) (D:3)
  14 worker ants
  A hell rat (D:11)
  2 hound zombies
  A hound skeleton (D:9)
  A worker ant zombie (D:7)
  10 gnolls
  A river rat (D:11)
  12 adders
  4 shadow imps
  2 oozes
  An adder zombie (D:3)
  An adder skeleton (D:9)
  3 worms
  4 dart slugs
  7 leopard geckos
  73 orcs
  3 ball pythons
  5 bats
  6 giant cockroaches
  5 goblins
  5 hobgoblins
  8 jackals
  16 kobolds
  3 quokkas
  4 frilled lizards
  A jackal skeleton (D:5)
  A leopard gecko skeleton (D:4)
  A leopard gecko zombie (D:7)
  10 rats
  2 fire vortices
  A plant (Lair:3)
723 creatures vanquished.

Vanquished Creatures (others)
  3 humans (Snake:1)
  An orc wizard (Orc:2)
  2 kobolds
  A fire vortex (D:11)
  3 fungi (Lair:5)
  3 plants
13 creatures vanquished.

Grand Total: 736 creatures vanquished

Notes
Turn   | Place    | Note
-------+----------+-------------------------------------------
     0 | D:1      | selver the Merfolk Gladiator began the quest for the Orb.
     0 | D:1      | Reached XP level 1. HP: 16/16 MP: 1/1
   122 | D:1      | Reached skill level 5 in Polearms
   291 | D:1      | Reached XP level 2. HP: 22/22 MP: 2/2
   519 | D:1      | Reached skill level 6 in Polearms
   519 | D:1      | Reached XP level 3. HP: 26/27 MP: 3/3
  1090 | D:2      | Reached skill level 7 in Polearms
  1090 | D:2      | Reached XP level 4. HP: 33/33 MP: 4/4
  1517 | D:2      | Found an opulent altar of Gozag.
  1783 | D:2      | Reached skill level 8 in Polearms
  1827 | D:2      | Found an ornate altar of the Wu Jian Council.
  1828 | D:2      | Reached XP level 5. HP: 38/38 MP: 5/5
  2123 | D:3      | Found an ancient bone altar of Kikubaaqudgha.
  2158 | D:3      | Noticed Jessica
  2172 | D:3      | Found an iron altar of Okawaru.
  2186 | D:3      | Became a worshipper of Warmaster Okawaru
  2416 | D:3      | Killed Jessica
  2416 | D:3      | Reached skill level 9 in Polearms
  2609 | D:3      | Noticed Natasha
  2642 | D:3      | Killed Natasha
  3009 | D:3      | Noticed Natasha
  3018 | D:3      | Killed Natasha
  3018 | D:3      | Reached XP level 6. HP: 44/44 MP: 6/6
  3093 | D:3      | Noticed Natasha
  3103 | D:3      | Killed Natasha
  3391 | D:4      | Reached skill level 10 in Polearms
  3429 | D:4      | Reached * piety under Okawaru
  3697 | D:4      | Reached skill level 11 in Polearms
  3697 | D:4      | Reached XP level 7. HP: 31/50 MP: 7/7
  4200 | D:4      | Reached skill level 1 in Shields
  4510 | D:5      | Entered Level 5 of the Dungeon
  4593 | D:5      | Reached skill level 12 in Polearms
  4599 | D:5      | Reached XP level 8. HP: 56/56 MP: 8/8
  4814 | D:5      | Reached ** piety under Okawaru
  4873 | D:5      | Reached skill level 13 in Polearms
  5031 | D:5      | Found a white marble altar of Elyvilon.
  5054 | D:5      | Found a shimmering altar of Xom.
  5228 | D:6      | Noticed Blork the orc
  5234 | D:6      | Killed Blork the orc
  5279 | D:6      | Noticed Maggie
  5314 | D:6      | Reached skill level 14 in Polearms
  5381 | D:6      | Noticed Menkaure
  5385 | D:5      | Reached XP level 9. HP: 65/65 MP: 9/9
  5709 | D:6      | Found a staircase to the Ecumenical Temple.
  5788 | D:6      | Reached skill level 5 in Fighting
  5890 | D:6      | Killed Maggie
  5890 | D:6      | Reached *** piety under Okawaru
  6617 | D:6      | Found a sacrificial altar of Ru.
  6960 | D:7      | Reached **** piety under Okawaru
  7160 | D:7      | Found a blossoming altar of Fedhas.
  7234 | D:7      | Reached XP level 10. HP: 68/84 MP: 10/10
  7379 | D:7      | Reached skill level 10 in Fighting
  7395 | D:7      | Found a shattered altar of Ashenzari.
  7678 | D:7      | Got an ebony dagger
  7679 | D:7      | Identified the +8 dagger of the Lonely Lovers {vorpal,
                  | Str+4} (You found it on level 7 of the Dungeon)
  7828 | D:7      | Reached skill level 1 in Armour
  7839 | D:7      | Reached skill level 5 in Dodging
  7853 | D:7      | Reached ***** piety under Okawaru
  8433 | D:8      | Found a shimmering blue altar of Sif Muna.
  8849 | D:8      | Received a gift from Okawaru
  8949 | D:8      | Noticed Erica
  8997 | D:8      | Killed Erica
  8997 | D:8      | Reached skill level 10 in Dodging
  8997 | D:8      | Reached XP level 11. HP: 18/92 MP: 11/11
  9458 | D:9      | Found a radiant altar of Vehumet.
 10025 | D:9      | Noticed a two-headed ogre
 10055 | D:9      | Killed a two-headed ogre
 10859 | D:10     | Entered Level 10 of the Dungeon
 11157 | D:10     | Received a gift from Okawaru
 11576 | D:10     | Got a fabulously ornate robe
 11577 | D:10     | Identified the cursed +0 robe "Kemozy" {rF+ rN+ Str+2} (You
                  | found it on level 10 of the Dungeon)
 11715 | D:10     | You fall into a shaft and drop 1 floor!
 11744 | D:11     | Noticed a death yak
 11747 | D:11     | Noticed a death yak
 11751 | D:11     | Noticed a death yak
 11774 | D:11     | Killed a death yak
 11780 | D:11     | Killed a death yak
 11784 | D:11     | Killed a death yak
 11784 | D:11     | Reached ****** piety under Okawaru
 11855 | D:11     | Found a staircase to the Lair.
 12158 | D:11     | Received a gift from Okawaru
 12182 | D:10     | Killed an unseen horror
 12182 | D:10     | Reached skill level 5 in Armour
 12569 | D:11     | Reached XP level 12. HP: 81/100 MP: 12/12
 13177 | D:11     | Identified the +3 war axe of Sandy Defiance {elec, +Inv
                  | rElec Stlth-}
 13537 | D:11     | Found Waff's Book Shop.
 13605 | D:12     | Noticed a two-headed ogre
 13625 | D:12     | Killed a two-headed ogre
 13685 | D:12     | Found a staircase to the Orcish Mines.
 13724 | D:12     | Noticed Sonja
 13731 | D:12     | Killed Sonja
 14273 | D:12     | Found a roughly hewn altar of Beogh.
 14402 | Lair:1   | Entered Level 1 of the Lair of Beasts
 14708 | Lair:1   | Received a gift from Okawaru
 14961 | Lair:1   | Noticed Harold
 14988 | Lair:1   | Killed Harold
 15777 | Lair:3   | Reached skill level 15 in Polearms
 15937 | Lair:3   | Found a staircase to the Shoals.
 15992 | Lair:3   | Reached XP level 13. HP: 109/109 MP: 13/13
 16290 | Lair:3   | Found a staircase to the Snake Pit.
 16523 | Lair:3   | Reached skill level 16 in Polearms
 17478 | Lair:5   | Received a gift from Okawaru
 17817 | Lair:5   | Reached skill level 17 in Polearms
 18069 | Lair:6   | Entered Level 6 of the Lair of Beasts
 18095 | Lair:6   | Reached skill level 1 in Invocations
 18270 | Lair:6   | Received a gift from Okawaru
 18525 | Lair:6   | Reached skill level 18 in Polearms
 19324 | Lair:6   | Reached XP level 14. HP: 116/116 MP: 17/17
 19351 | Lair:6   | Reached skill level 5 in Invocations
 19368 | Lair:6   | Reached skill level 19 in Polearms
 19431 | Lair:6   | Noticed a dire elephant
 19458 | Lair:6   | Killed a dire elephant
 19830 | Lair:6   | Found a staircase to the Slime Pits.
 20678 | D:13     | Found a frozen archway.
 20699 | IceCv    | Entered an ice cave
 20963 | IceCv    | Got a smoking hat
 21019 | IceCv    | Identified the cursed +0 hat of Wu Jian's Approval {rC+}
                  | (You found it in an ice cave)
 21030 | IceCv    | Noticed a frost giant
 21064 | IceCv    | Killed a frost giant
 21064 | IceCv    | Received a gift from Okawaru
 21073 | IceCv    | Got a pearl-encrusted crystal plate armour {god gift}
 21098 | IceCv    | Identified the +0 crystal plate armour of Okawaru's
                  | Benevolence {Harm rPois Str+3} (Okawaru gifted it to you in
                  | an ice cave)
 21137 | IceCv    | Reached skill level 20 in Polearms
 21703 | D:13     | Found Ekaptor's Assorted Antiques.
 21710 | D:13     | Bought a scroll labeled MILOHOAQAGO for 25 gold pieces
 21710 | D:13     | Bought a scroll labeled ENINIATUAN for 25 gold pieces
 21710 | D:13     | Bought 2 potions of heal wounds for 250 gold pieces
 22192 | D:14     | Found a gate to the Vaults.
 22211 | D:14     | Found Ceiridei's Magic Scroll Shoppe.
 22268 | D:14     | Bought a scroll of identify for 24 gold pieces
 22268 | D:14     | Bought a scroll of magic mapping for 42 gold pieces
 22268 | D:14     | Bought a scroll of enchant armour for 90 gold pieces
 22268 | D:14     | Bought a scroll of identify for 24 gold pieces
 22268 | D:14     | Bought a scroll of teleportation for 36 gold pieces
 22268 | D:14     | Bought a scroll of fear for 42 gold pieces
 22268 | D:14     | Bought a scroll of fear for 42 gold pieces
 22956 | Orc:1    | Entered Level 1 of the Orcish Mines
 23263 | Orc:2    | Entered Level 2 of the Orcish Mines
 23286 | Orc:2    | Reached XP level 15. HP: 122/122 MP: 21/21
 23935 | Orc:2    | Received a gift from Okawaru
 23945 | Orc:2    | Got an iridescent halberd {god gift}
 24273 | Orc:1    | Identified the +3 halberd of selver's Courage {vamp, Str+2}
                  | (Okawaru gifted it to you on level 2 of the Orcish Mines)
 24447 | Orc:2    | Reached skill level 10 in Armour
 24474 | Orc:2    | Reached skill level 10 in Invocations
 24702 | Orc:2    | Found Sorphij's Antique Weapon Emporium.
 24702 | Orc:2    | Found Oklug's Jewellery Emporium.
 24703 | Orc:2    | Found Ceqost's Book Boutique.
 24703 | Orc:2    | Found Hiym's Gadget Boutique.
 24741 | Orc:2    | Bought an uncursed ring of positive energy for 360 gold
                  | pieces
 25110 | Orc:2    | Found a staircase to the Elven Halls.
 25653 | D:15     | Entered Level 15 of the Dungeon
 25838 | D:15     | Received a gift from Okawaru
 25850 | D:15     | Got a jewelled hat {god gift}
 25861 | D:15     | Identified the +1 hat of Sorcery {rC- MP+9 Int+8} (Okawaru
                  | gifted it to you on level 15 of the Dungeon)
 26441 | D:15     | Found a staircase to the Depths.
 26475 | D:15     | Reached skill level 5 in Shields
 27089 | Shoals:1 | Entered Level 1 of the Shoals
 27472 | Shoals:1 | Found Reen's Armour Emporium.
 27511 | Shoals:1 | Bought a +2 pair of gloves of strength for 344 gold pieces
 27511 | Shoals:1 | Bought a +0 kite shield for 72 gold pieces
 28100 | Snake:1  | Entered Level 1 of the Snake Pit
 28194 | Snake:1  | Found Hoted's Jewellery Emporium.
 28205 | Snake:1  | Bought the ring "Revaphio" {MR+ EV+4 Dex+4} for 741 gold
                  | pieces
 28230 | Snake:1  | Received a gift from Okawaru
 28243 | Snake:1  | Reached XP level 16. HP: 98/130 MP: 19/24
 28254 | Snake:1  | Got a masterwork spear {god gift}
 28279 | Snake:1  | Noticed Kirke
 28490 | Snake:1  | Killed Kirke
 28657 | Snake:1  | Identified the +3 spear of Mezuept {flame, +Rage} (Okawaru
                  | gifted it to you on level 1 of the Snake Pit)
 28659 | Snake:1  | Identified a scroll of acquirement
 28659 | Snake:1  | Acquired an uncursed amulet of the acrobat
 28821 | Snake:1  | Noticed Josephine
 28830 | Snake:1  | Killed Josephine
 29847 | Snake:1  | HP: 2/130 [shock serpent/bolt of electricity (27)]
 29848 | Snake:1  | Killed from afar by a shock serpent

Illustrated notes

Levels and vault maps discovered:
D:1:      mainiacjoe_arrival_reflecting_pool, layout_basic, hex_large,
          skrybe_limestone_x
D:2:      layout_rooms, nicolae_gozag_seed_capital, marbit_many_paths,
          first_ration
D:3:      layout_basic, lemuel_round_altar, nicolae_overflow_crystal_walls,
          uniq_natasha, uniq_jessica
D:4:      layout_cave_pools, minmay_manual_mares
D:5:      layout_rooms, elyvilon_altar_5, basic_altar
D:6:      layout_rooms, kennysheep_little_box, temple_green,
          hangedman_decor_slide_cut, minmay_misc_feat_secret_circle,
          uniq_maggie, uniq_menkaure, uniq_blork_the_orc
D:7:      layout_loops_cross, fedhas_bush_and_centaur_altar,
          evilmike_ruin_ashenzari, grunt_ministairs_4, grunt_livestock,
          minmay_misc_feat_square, item_on_display_a
D:8:      minmay_chambers_of_fours, layout_rooms, tgw_sif, serial_bayou_pond_c,
          chequers_decorated_corner, uniq_erica
D:9:      layout_basic, vehumet_altar_wand_db
D:10:     layout_stronghold
D:11:     layout_stronghold, dpeg_lair_monsters, serial_shops, shop,
          chequers_big_river, hangedman_incinerator
D:12:     layout_rooms, minmay_orc_entry_temple_small, uniq_sonja
D:13:     layout_rooms, serial_shops,
          nicolae_shop_temple_entry_statues_fountains,
          portal_ice_cave_entry_pillars_1
D:14:     layout_loops_cross, erik_vaults_1, minmay_misc_feat_five,
          serial_shops, shop
D:15:     gammafunk_depths_entry_grave, layout_loops_ring,
          hangedman_decor_peaks_small
Lair:1:   layout_misc_corridors, st_stairs_6, uniq_harold
Lair:2:   layout_roguey, nicolae_lair_grove_arrangements, grunt_megastairs_3
Lair:3:   layout_cave_pods, elwin_shoals_entry_rooms,
          guppyfry_snake_entry_garden, nicolae_quartered_pool_medium,
          minmay_lair_oklob_items
Lair:4:   layout_misc_corridors
Lair:5:   layout_roguey, serial_bayou_shore_a, lemuel_fruit_tree
Lair:6:   grunt_lair_end_beastmaster, layout_loops_ring,
          minmay_slime_entry_oklob_enclosed, fungi_pond_lemuel, minivault_11,
          minmay_hedge_maze
Shoals:1: layout_shoals, serial_shops, nicolae_shop_competitors_out_of_business
Snake:1:  layout_onion, serial_shops, shop, uniq_josephine, uniq_kirke
Snake:2:  layout_misc_corridors, nrook_guardian_serpent_ordinary, uniq_aizul,
          uniq_frances, uniq_asterion
Orc:1:    layout_diamond_mine
Orc:2:    st_orc_elflike, layout_diamond_mine

Skill      XL: |  1  2  3  4  5  6  7  8  9 10 11 12 13 14 15 16 |
---------------+-------------------------------------------------+-----
Polearms       | 5 6 7 8 9 11 12 14 15 18 20 | 20.0
Shields        | 2 4 6 8 |  8.2
Fighting       | 3 9 10 11 12 13 | 13.1
Armour         | 2 5 7 8 9 11 | 11.7
Dodging        | 10 12 | 12.4
Invocations    | 4 9 10 | 10.7
Throwing       | |  2.0

Action                   |  1- 3 |  4- 6 |  7- 9 | 10-12 | 13-15 | 16-18 || total
-------------------------+-------+-------+-------+-------+-------+-------++-------
Melee: Trident           |    70 |   242 |   394 |   395 |       |       ||  1101
       Tailslap          |       |       |       |     4 |     4 |       ||     8
       Demon trident     |       |       |       |   416 |   586 |       ||  1002
       Spear             |       |       |       |    32 |       |       ||    32
       Glaive            |       |       |       |     8 |   288 |   126 ||   422
       Halberd           |       |       |       |       |   249 |       ||   249
Invok: Finesse           |       |       |       |       |     5 |       ||     5
Evoke: Wand              |       |       |       |     4 |     3 |       ||     7
  Use: Scroll            |     1 |     2 |    12 |    10 |    16 |     3 ||    44
       Potion            |       |     1 |     1 |     5 |    14 |     1 ||    22
 Stab: Sleeping          |     2 |     2 |       |       |       |       ||     4
       Distracted        |       |       |       |     2 |       |       ||     2
       Petrified         |       |       |       |       |     6 |       ||     6
       Petrifying        |       |       |       |       |     1 |       ||     1
  Eat: Chunk             |     1 |     8 |    11 |    15 |    28 |     1 ||    64
       Ration            |       |       |       |     5 |     4 |     1 ||    10
Armor: Leather armour    |    13 |    21 |     4 |       |       |       ||    38
       Ring mail         |       |       |    19 |       |       |       ||    19
       Chain mail        |       |       |    23 |   119 |       |       ||   142
       Plate armour      |       |       |       |     9 |   134 |       ||   143
       Crystal plate arm |       |       |       |       |   247 |    55 ||   302
Dodge: Dodged            |    39 |   153 |    87 |   134 |   260 |    72 ||   745
Block: Buckler           |       |       |   101 |   255 |   189 |       ||   545
       Reflection        |       |       |     2 |    26 |    18 |       ||    46
       Other             |       |       |       |       |    86 |    12 ||    98
